 Dungeon Crawl Stone Soup version 0.23.2-40-g277498a001 (webtiles) character file.

Game seed: 1431275209701746767

5415 H0rd4k the Slicer (level 10, 0/76 HPs)
             Began as a Human Artificer on Aug 29, 2019.
             Was an Initiate of Gozag.
             Slain by an unseen horror (5 damage)
             ... on level 10 of the Dungeon.
             The game lasted 00:29:52 (12913 turns).

H0rd4k the Slicer (Human Artificer)                Turns: 12913, Time: 00:29:53

Health: 0/76       AC:  8    Str: 15    XL:     10   Next: 99%
Magic:  13/13      EV: 15    Int: 13    God:    Gozag
Gold:   1153       SH:  0    Dex: 13    Spells: 9/9 levels left

rFire    . . .     SeeInvis .   z - +1 rapier (speed)
rCold    . . .     Gourm    .   (no shield)
rNeg     . . .     Faith    +   b - +0 leather armour
rPois    .         Spirit   .   t - +2 helmet
rElec    .         Reflect  .   (no cloak)
rCorr    .         Harm     .   (no gloves)
MR       .....                  y - +1 pair of boots
Stlth    ++++......             l - amulet of faith
HPRegen  0.22/turn              A - ring of stealth
MPRegen  0.13/turn              (no ring)

@: no status effects
A: no striking features
a: Potion Petition, Call Merchant, Bribe Branch, Renounce Religion


You were on level 10 of the Dungeon.
You worshipped Gozag.
Gozag was most pleased with you.
You were hungry.

You visited 2 branches of the dungeon, and saw 12 of its levels.

You collected 1316 gold pieces.
You spent 60 gold pieces at shops.
You paid 103 gold pieces to Gozag.

Inventory:

Hand Weapons
 a - a +0 short sword
 v - the +4 hunting sling of the Hundredfold Lovers {venom, rC+}
   (You found it on level 9 of the Dungeon)

   It poisons the ammo it fires.
   It protects you from cold.
 z - a +1 rapier of speed (weapon)
 B - a +0 shortbow
 C - a +0 hand axe
Missiles
 j - 15 tomahawks
 k - 7 javelins (quivered)
 x - 95 sling bullets
Armour
 b - a +0 leather armour (worn)
 t - a +2 helmet (worn)
 y - a +1 pair of boots (worn)
Jewellery
 l - an amulet of faith (around neck)
 A - a ring of stealth (left hand)
Wands
 c - a wand of flame (7)
 q - a wand of digging (6)
Scrolls
 e - a scroll of fog
 g - a scroll of magic mapping
 h - 5 scrolls of teleportation
 m - a scroll of blinking
 p - 2 scrolls of fear
 s - 2 scrolls of enchant armour
 w - 6 scrolls of identify
 F - 2 scrolls of enchant weapon
 G - a scroll of remove curse
Potions
 i - a potion of magic
 o - 4 potions of agility
 E - a potion of lignification
 H - a potion of degeneration
Comestibles
 f - 17 rations


   Skills:
 + Level 6.2 Fighting
 + Level 9.9 Short Blades
 * Level 1.8(1.9) Slings
 + Level 0.4(1.2) Throwing
 + Level 4.3 Armour
 + Level 6.6 Dodging
 + Level 5.4 Stealth
 + Level 4.7 Evocations


You had 9 spell levels left.
You didn't know any spells.
Your spell library was empty.

Dungeon Overview and Level Annotations

Branches:
Dungeon (11/15)            Temple (1/1) D:7            Lair (0/6) D:10
    Orc (0/2) D:9

Altars:
Ashenzari
Cheibriados
Dithmenos
Elyvilon
Fedhas
Gozag
Hepliaklqana
Makhleb
Nemelex Xobeh
Okawaru
Qazlal
Ru
Trog
Uskayaw
Vehumet
Wu Jian
Xom
The Shining One

Shops:
D:4 *

Annotations:
D:9 exclusion: two-headed ogre
D:10 exclusions: downstairs and two-headed ogre


Message History

Moving in this stuff is going to be slow.
The deep elf mage shouts!
The wyvern hisses angrily.
The hound barks!
The deep elf mage is engulfed in noxious fumes.
The wyvern is engulfed in noxious fumes.
The wyvern appears confused.
Unknown command.
The deep elf mage is engulfed in noxious fumes.
The wyvern misses you.
The deep elf mage seems less confused.
The hound misses you.
The deep elf mage mumbles some strange words.
The deep elf mage blinks!
The hound barely misses you. Something hits you.
* * * LOW HITPOINT WARNING * * *
The hound barely misses you.
The deep elf mage is engulfed in noxious fumes.
The deep elf mage appears confused.
Something hits you.
You die...
Your body crumbles into a pile of gold.

###########............
#.........≈≈≈≈≈........
#........≈§...≈≈.......
#########....>...≈.°...≈.......
#....h.##........≈.°_..≈.......
##...##........l..≈e☼.§.≈.......
#8...8####......h.≈≈...≈≈.......
##...## #>........≈≈≈≈≈........
#...# ######@.#########.#####
#...# ########.##### #)##
#8...8#.............# #..#
##..r##.............# ##(#
#...##.............# #.#
#...##.............# #(#
8...8#.............# #.#
#...##............[# #.#
#.......<.....# #.#


You could see a deep elf mage (confused), a wyvern (confused) and a hound.

Vanquished Creatures
  2 centaur skeletons (D:9)
  A troll (D:9)
  A hippogriff (D:7)
  2 orc warriors (D:10)
  A spriggan (D:7)
  Sigmund (D:5)
  Eustachio (D:5)
  A warg (D:10)
  3 ice beasts
  A sky beast (D:5)
  3 phantoms
  2 hornet zombies
  2 ogres
  3 centaurs
  2 big kobolds
  6 bullfrogs
  A wyvern skeleton (D:7)
  3 scorpions
  6 killer bees
  A wight (D:7)
  2 crimson imps
  4 orc priests
  4 hounds
  9 orc wizards
  A bullfrog skeleton (D:3)
  Jessica (D:2)
  Terence (D:3)
  2 iguanas (D:6)
  7 worker ants
  A worker ant zombie (D:9)
  10 adders
  9 gnolls
  An adder zombie (D:8)
  2 adder skeletons
  A worm (D:3)
  2 dart slugs
  26 orcs
  2 ball pythons
  13 bats
  6 giant cockroaches
  14 goblins
  14 hobgoblins
  13 jackals
  2 kobolds
  9 quokkas
  3 frilled lizards
  A jackal skeleton (D:4)
  A quokka skeleton (D:4)
  A quokka zombie (D:6)
  16 rats
221 creatures vanquished.

Vanquished Creatures (collateral kills)
  An ogre (D:7)
  2 big kobolds (D:9)
  A gnoll sergeant (D:9)
  A scorpion (D:7)
  2 crimson imps (D:8)
  A jelly (D:7)
  3 orc priests
  A centaur skeleton (D:8)
  2 orc wizards
  A hound zombie (D:7)
  An adder (D:8)
  5 gnolls
  A shadow imp (D:7)
  7 orcs
29 creatures vanquished.

Vanquished Creatures (others)
  An unseen horror (D:10)
  A warg (D:10)
  2 gnoll sergeants (D:9)
  2 orc warriors
  An ogre (D:9)
  A big kobold (D:9)
  A scorpion (D:10)
  A jelly (D:10)
  A worker ant (D:10)
  An adder (D:10)
  A gnoll (D:9)
13 creatures vanquished.

Grand Total: 263 creatures vanquished

Notes
Turn   | Place    | Note
-------+----------+-------------------------------------------
     0 | D:1      | H0rd4k the Human Artificer began the quest for the Orb.
     0 | D:1      | Reached XP level 1. HP: 15/15 MP: 3/3
    19 | D:1      | Reached XP level 2. HP: 9/21 MP: 4/4
   408 | D:1      | Reached XP level 3. HP: 24/26 MP: 5/5
  1564 | D:2      | Reached skill level 1 in Armour
  1568 | D:2      | Reached XP level 4. HP: 18/32 MP: 6/6
  1721 | D:2      | Reached skill level 2 in Short Blades
  2259 | D:2      | Found a snail-covered altar of Cheibriados.
  2259 | D:2      | Noticed Jessica
  2326 | D:2      | Killed Jessica
  2326 | D:2      | Reached XP level 5. HP: 4/37 MP: 7/7
  2610 | D:3      | Noticed Terence
  2637 | D:3      | Killed Terence
  2700 | D:3      | Found a sparkling altar of Nemelex Xobeh.
  2958 | D:3      | Reached skill level 3 in Short Blades
  2958 | D:3      | Reached XP level 6. HP: 31/43 MP: 8/8
  3318 | D:3      | Noticed a phantom
  3666 | D:3      | Noticed an ogre
  3676 | D:3      | Killed an ogre
  3676 | D:3      | Reached XP level 7. HP: 32/49 MP: 9/9
  3855 | D:4      | Found Onaic's General Store.
  3859 | D:4      | Bought a scroll of teleportation for 36 gold pieces
  3859 | D:4      | Bought a scroll of identify for 24 gold pieces
  4414 | D:4      | Reached skill level 4 in Short Blades
  5063 | D:5      | Entered Level 5 of the Dungeon
  5063 | D:5      | Noticed Eustachio
  5377 | D:5      | Found a hide-covered altar of Uskayaw.
  5377 | D:5      | Noticed Sigmund
  5678 | D:6      | Reached XP level 8. HP: 48/57 MP: 11/11
  5923 | D:6      | Reached skill level 5 in Short Blades
  6215 | D:6      | Found a sacrificial altar of Ru.
  6286 | D:7      | Noticed a hippogriff
  6636 | D:7      | Noticed a spriggan baker
  6648 | D:7      | Killed a spriggan baker
  6729 | D:7      | Reached skill level 6 in Short Blades
  7332 | D:7      | Reached XP level 9. HP: 65/65 MP: 12/12
  7423 | D:7      | Found a staircase to the Ecumenical Temple.
  7432 | Temple   | Entered the Ecumenical Temple
  7511 | Temple   | Became a worshipper of Gozag Ym Sagoz the Greedy
  7605 | D:7      | Killed a hippogriff
  7762 | D:7      | Reached skill level 7 in Short Blades
  7959 | D:7      | Found an ornate altar of the Wu Jian Council.
  8732 | D:7      | Reached skill level 5 in Fighting
  8781 | D:7      | HP: 3/68 [poisoned by a killer bee]
  8785 | D:7      | Reached skill level 5 in Dodging
  9141 | D:8      | Reached skill level 8 in Short Blades
  9178 | D:8      | Found a radiant altar of Vehumet.
  9558 | D:8      | Reached XP level 10. HP: 61/74 MP: 13/13
 10227 | D:9      | Found a blossoming altar of Fedhas.
 10229 | D:9      | Noticed a two-headed ogre
 10313 | D:9      | Reached skill level 9 in Short Blades
 10328 | D:9      | Found a staircase to the Orcish Mines.
 10494 | D:8      | Found a bloodstained altar of Trog.
 10678 | D:9      | Found a stormy altar of Qazlal.
 11066 | D:9      | Got an ancient hunting sling
 11067 | D:9      | Identified the +4 hunting sling of the Hundredfold Lovers
                  | {venom, rC+} (You found it on level 9 of the Dungeon)
 11374 | D:4      | Reached skill level 5 in Stealth
 11883 | D:5      | Found a shimmering altar of Xom.
 11974 | D:5      | Killed Eustachio
 12264 | D:5      | Killed Sigmund
 12264 | D:5      | Reached skill level 1 in Slings
 12480 | D:10     | Entered Level 10 of the Dungeon
 12491 | D:10     | Killed an unseen horror
 12611 | D:10     | Noticed a two-headed ogre
 12718 | D:10     | Found a shimmering altar of Xom.
 12727 | D:10     | Noticed a deep elf mage
 12808 | D:10     | Found a staircase to the Lair.
 12868 | D:11     | Noticed a cyan ugly thing
 12896 | D:10     | HP: 1/76 [something (5)]
 12913 | D:10     | Slain by an unseen horror

Skill      XL: |  1  2  3  4  5  6  7  8  9 10 |
---------------+-------------------------------+-----
Armour         | 1 2 3 4 |  4.3
Short Blades   | 2 3 4 6 8 9 |  9.9
Stealth        | 2 3 4 5 |  5.4
Dodging        | 3 4 5 6 |  6.6
Evocations     | 4 |  4.7
Fighting       | 2 4 5 6 |  6.2
Slings         | 1 |  1.8
Throwing       | |  0.4

Action                   |  1- 3 |  4- 6 |  7- 9 | 10-12 || total
-------------------------+-------+-------+-------+-------++-------
Melee: Short sword       |   198 |   277 |   183 |       ||   658
       Rapier            |       |       |   441 |   326 ||   767
Throw: Javelin           |       |     3 |     2 |       ||     5
Evoke: Wand              |       |    16 |    16 |    12 ||    44
  Use: Scroll            |       |       |    15 |     7 ||    22
       Potion            |       |       |     5 |     4 ||     9
 Stab: Sleeping          |     1 |     4 |    13 |     6 ||    24
       Distracted        |       |       |     1 |       ||     1
  Eat: Chunk             |     2 |     7 |     9 |       ||    18
       Ration            |       |       |     3 |     3 ||     6
Armor: Leather armour    |    58 |   112 |   144 |    55 ||   369
Dodge: Dodged            |   124 |   193 |   301 |   169 ||   787
